 Dungeon Crawl Stone Soup version 0.29-a0-972-g43c84944fd (webtiles) character file.

Game seed: 16592778964897003644

30517 Elmgren the Bludgeoner (level 13, -9/119 HPs)
             Began as a Minotaur Berserker on July 31, 2022.
             Was a High Priest of Trog.
             Shot with a bolt by a naga sharpshooter (16 damage)
             ... on level 4 of the Snake Pit.
             The game lasted 00:45:27 (17929 turns).

Elmgren the Bludgeoner (Minotaur Berserker)        Turns: 17929, Time: 00:45:27

Health: -9/119     AC: 22    Str: 31    XL:     13   Next: 21%
Magic:  12/12      EV: 10    Int:  4    God:    Trog [*****.]
Gold:   767        SH:  7    Dex: 12    Spells: 12/12 levels left

rFire   + . .      SeeInvis .   b - +6 shillelagh "Devastator" {shatter}
rCold   . . .      Faith    .   j - +1 kite shield
rNeg    . . .      Spirit   .   z - +0 plate armour
rPois   +          Reflect  .   (helmet restricted)
rElec   +          Harm     .   c - +2 cloak {rPois}
rCorr   .          Rampage  .   (no gloves)
Will    .....                   g - +2 pair of boots
Stlth   ..........              (no amulet)
HPRegen 0.29/turn               e - ring of protection from fire
MPRegen 0.13/turn               w - +6 ring of strength

@: on berserk cooldown, slowed, unable to drink, very slow
A: horns 2, retaliatory headbutt, electricity resistance, inability to drink
while threatened 1
a: Renounce Religion, Berserk, Trog's Hand, Brothers in Arms


You were on level 4 of the Snake Pit.
You worshipped Trog.
Trog was extremely pleased with you.
You visited 4 branches of the dungeon, and saw 15 of its levels.

You collected 767 gold pieces.

Inventory:

Hand Weapons
 b - the +6 shillelagh "Devastator" (weapon) {shatter}
   (You found it on level 3 of the Dungeon)

   It releases a powerful concussive burst when it strikes, dealing extra damage
   to the target and all other foes adjacent to them.
Missiles
 d - 21 poisoned darts (quivered)
 p - 4 throwing nets
Armour
 c - a +2 cloak of poison resistance (worn)
 g - a +2 pair of boots (worn)
 j - a +1 kite shield (worn)
 z - a +0 plate armour (worn)
Jewellery
 e - a ring of protection from fire (left hand)
 q - a ring of ice
 t - a +4 ring of evasion
 w - a +6 ring of strength (right hand)
Wands
 l - a wand of polymorph (13)
 y - a wand of iceblast (4)
Scrolls
 a - a scroll of fog
 i - 3 scrolls of teleportation
 k - 6 scrolls of identify
 o - a scroll of summoning
 v - a scroll of magic mapping
Potions
 f - 3 potions of haste
 h - a potion of brilliance {unknown}
 m - 2 potions of curing
 n - a potion of heal wounds
 s - 2 potions of berserk rage
 u - a potion of flight
 x - a potion of resistance


   Skills:
 + Level 12.7 Fighting
 - Level 6.9(12.4) Axes
 + Level 16.0(16.5) Maces & Flails
 + Level 12.4 Armour
 + Level 11.4 Dodging


You had 12 spell levels left.
You didn't know any spells.
Your spell library was empty.

Dungeon Overview and Level Annotations

Branches:
Dungeon (8/15) Zot: 25536  Temple (0/1) D:7            Lair (2/5) D:8 Zot: 8764
 Shoals (1/4) Lair:2 Zot: 5702   Snake (4/4) Lair:2 Zot: 21538

Altars:
Fedhas
Ru
Sif Muna
Uskayaw
Wu Jian
Xom

Shops:
D:1 (([   D:5 *   D:6 !*


Innate Abilities, Weirdness & Mutations

You have a pair of horns on your head.
You reflexively headbutt those who attack you in melee.
You are resistant to electric shocks. (rElec)
You occasionally lose the ability to drink potions when taking damage.


Message History

The naga sharpshooter shoots a bolt.
You block the bolt.
The salamander hits you with a +1 trident of protection.
You are engulfed in flames.
You resist.
The salamander hits you but does no damage.
A red film seems to cover your vision as you go berserk!
You feel yourself moving faster!
You feel mighty!
The naga sharpshooter shoots a bolt.
The bolt hits you. You block the salamander's attack. x2
You thump the salamander!
The salamanders and the naga sharpshooter shudder.
The salamander is almost dead.
The naga sharpshooter is heavily wounded.
The salamander is severely wounded.
The salamander is almost dead.
The naga sharpshooter shoots a bolt.
The bolt hits you!
The salamander hits you with a +1 trident of protection!
* * * LOW HITPOINT WARNING * * *
You are engulfed in flames.
You resist.
* * * LOW HITPOINT WARNING * * *
You thump the salamander!
The naga sharpshooter and the salamander shudder.
The naga sharpshooter is severely wounded.
The salamander is almost dead.
You kill the salamander!
Trog accepts your kill.
The salamander hits you from afar with a +4 spear!
* * * LOW HITPOINT WARNING * * *
You are engulfed in flames.
You resist.
* * * LOW HITPOINT WARNING * * *
The naga sharpshooter gestures wildly while chanting.
The naga sharpshooter magically shoots a bolt.
The bolt hits you!
* * * LOW HITPOINT WARNING * * *
You feel a strong urge to attack something.
You feel your anger nearly subside.
You are no longer berserk.
You are exhausted.
You feel yourself slow down.
The naga sharpshooter shoots a bolt.
The bolt hits you!
You feel threatened and lose the ability to drink potions!
You die...

#....# #....##
##....###########
##..............
##.............
§..##.............
§≈..##............
≈§≈.§##...........
#≈≈≈..##@.........
#§≈≈§.##.........
#§≈≈..#.........
#§≈≈NN#.........
#'#N........
#...........
##.####..#.. #.#
### #..


You could see a naga sharpshooter.

Vanquished Creatures
  A hydra (Lair:2)
  A two-headed ogre (D:7)
  4 anacondas
  2 naga sharpshooters
  2 shock serpents
  A salamander mystic (Snake:3)
  A sea snake (Lair:2)
  2 naga ritualists (Snake:4)
  2 harpies (Shoals:1)
  5 mana vipers
  3 salamanders
  A manticore (Shoals:1)
  5 elephants (Lair:2)
  10 black mambas
  2 cane toads (Lair:1)
  2 naga magi
  3 rime drakes (Lair:1)
  A komodo dragon (Lair:1)
  A merfolk (Shoals:1)
  A wind drake (Shoals:1)
  Sigmund (D:3)
  9 blink frogs
  2 snapping turtles (Shoals:1)
  3 wyverns
  2 steam dragons (D:8)
  Menkaure (D:5)
  6 vampire mosquitoes (D:6)
  6 nagas
  4 water moccasins
  2 ice beasts (D:7)
  A black bear (D:4)
  An orc warrior (D:8)
  4 sky beasts
  An ogre (D:5)
  6 centaurs
  9 wolves
  3 phantoms
  2 necrophages
  4 bullfrogs
  7 scorpions
  5 wights (D:7)
  A howler monkey (D:4)
  4 hounds
  A jelly (D:7)
  Crazy Yiuf (D:3)
  4 orc priests
  3 gnoll boudas
  3 iguanas
  Terence (D:3)
  10 orc wizards
  6 hell rats (Lair:2)
  16 gnolls
  10 adders
  2 ufetubi
  3 worms
  4 dart slugs
  29 orcs
  9 endoplasms
  9 giant cockroaches
  10 goblins
  4 hobgoblins
  7 jackals (D:3)
  8 quokkas
  8 ball pythons
  6 bats
  3 frilled lizards
  8 kobolds
  5 rats
  5 butterflies
  A plant (Lair:2)
310 creatures vanquished.

Vanquished Creatures (collateral kills)
  A salamander tyrant (Snake:2)
  A shock serpent (Snake:2)
2 creatures vanquished.

Vanquished Creatures (others)
  6 fungi
  51 plants
57 creatures vanquished.

Grand Total: 369 creatures vanquished

Notes
Turn   | Place    | Note
-------+----------+-------------------------------------------
     0 | D:1      | Elmgren the Minotaur Berserker began the quest for the Orb.
     0 | D:1      | Reached XP level 1. HP: 19/19 MP: 0/0
    42 | D:1      | Found Boof's Antique Weapon Boutique.
   429 | D:1      | Found Otao's Weapon Boutique.
   673 | D:1      | Reached XP level 2. HP: 26/26 MP: 1/1
   707 | D:1      | Found Ikia's Armour Shoppe.
  1078 | D:1      | Reached skill level 5 in Axes
  1815 | D:1      | Gained mutation: You are resistant to electric shocks.
                  | (rElec) [potion of mutation]
  1815 | D:1      | Gained mutation: You occasionally lose the ability to drink
                  | potions when taking damage. [potion of mutation]
  2032 | D:2      | Reached XP level 3. HP: 31/31 MP: 2/2
  3076 | D:2      | Reached XP level 4. HP: 38/39 MP: 3/3
  3737 | D:3      | Reached ** piety under Trog
  3778 | D:3      | Found a runed translucent door.
  3778 | D:3      | Found the +6 shillelagh "Devastator" {shatter}
  3779 | D:3      | Noticed Crazy Yiuf
  3850 | D:3      | Killed Crazy Yiuf
  4075 | D:3      | Noticed Terence
  4088 | D:3      | Killed Terence
  4089 | D:3      | Reached skill level 1 in Maces & Flails
  4089 | D:3      | Reached XP level 5. HP: 45/45 MP: 4/4
  4189 | D:3      | Reached skill level 2 in Maces & Flails
  4204 | D:3      | Noticed Sigmund
  4238 | D:3      | Killed Sigmund
  4239 | D:3      | Reached skill level 5 in Maces & Flails
  4239 | D:3      | Reached XP level 6. HP: 51/51 MP: 5/5
  4960 | D:4      | Reached skill level 6 in Maces & Flails
  5131 | D:4      | Reached XP level 7. HP: 40/57 MP: 6/6
  5329 | D:4      | Reached skill level 7 in Maces & Flails
  5760 | D:4      | Reached *** piety under Trog
  5795 | D:4      | Reached skill level 8 in Maces & Flails
  6787 | D:5      | Entered Level 5 of the Dungeon
  6792 | D:5      | Reached skill level 9 in Maces & Flails
  6924 | D:5      | Reached XP level 8. HP: 63/64 MP: 7/7
  6941 | D:5      | Found a blossoming altar of Fedhas.
  7109 | D:5      | Found a sacrificial altar of Ru.
  7116 | D:5      | Found a hide-covered altar of Uskayaw.
  7120 | D:5      | Found a shimmering blue altar of Sif Muna.
  7237 | D:5      | Found Qemema's General Store.
  7240 | D:5      | Reached skill level 10 in Maces & Flails
  7335 | D:5      | Noticed Menkaure
  7338 | D:5      | Killed Menkaure
  7501 | D:6      | Identified the +4 ring mail "Nenal" {*Corrode rC+ rN+
                  | Dex+3}
  7549 | D:6      | Reached skill level 11 in Maces & Flails
  7669 | D:6      | Found a runed translucent door.
  7671 | D:6      | Found a runed translucent door.
  7674 | D:6      | Reached **** piety under Trog
  7752 | D:6      | Reached XP level 9. HP: 73/73 MP: 8/8
  7903 | D:6      | Reached skill level 5 in Fighting
  8251 | D:6      | Found Wunnet's Distillery.
  8293 | D:6      | Found Dagira's Assorted Antiques.
  8366 | D:6      | Reached skill level 5 in Armour
  8370 | D:6      | Reached skill level 12 in Maces & Flails
  8825 | D:7      | Found a staircase to the Ecumenical Temple.
  8852 | D:7      | Reached skill level 5 in Dodging
  9202 | D:7      | Noticed a two-headed ogre
  9228 | D:7      | Killed a two-headed ogre
  9229 | D:7      | Reached XP level 10. HP: 84/84 MP: 9/9
 10541 | D:8      | Found an ornate altar of the Wu Jian Council.
 10729 | D:8      | Reached ***** piety under Trog
 10908 | D:8      | Found a staircase to the Lair.
 10922 | D:8      | Found a shimmering altar of Xom.
 11699 | Lair:1   | Entered Level 1 of the Lair of Beasts
 11712 | Lair:1   | Reached skill level 13 in Maces & Flails
 12278 | Lair:1   | Noticed a cane toad
 12286 | Lair:1   | Killed a cane toad
 12427 | Lair:1   | Noticed a cane toad
 12437 | Lair:1   | Killed a cane toad
 12511 | Lair:1   | Reached XP level 11. HP: 95/95 MP: 10/10
 13517 | Lair:2   | Reached skill level 14 in Maces & Flails
 13726 | Lair:2   | Found a staircase to the Shoals.
 13746 | Shoals:1 | Entered Level 1 of the Shoals
 13748 | Shoals:1 | Noticed a sea snake
 13756 | Lair:2   | Killed a sea snake
 13757 | Lair:2   | Reached skill level 10 in Fighting
 14596 | Lair:2   | Reached skill level 10 in Armour
 14834 | Shoals:1 | Noticed a harpy
 14845 | Shoals:1 | Killed a harpy
 14849 | Shoals:1 | Noticed a harpy
 14849 | Shoals:1 | Noticed a harpy
 14849 | Shoals:1 | Noticed a harpy
 14851 | Shoals:1 | Noticed a merfolk avatar
 14862 | Shoals:1 | Killed a harpy
 15277 | Lair:2   | Noticed a five-headed hydra
 15296 | Lair:2   | Killed a five-headed hydra
 15297 | Lair:2   | Reached XP level 12. HP: 108/108 MP: 11/11
 15425 | Lair:2   | Found a staircase to the Snake Pit.
 15469 | Snake:1  | Entered Level 1 of the Snake Pit
 15469 | Snake:1  | Noticed an anaconda
 15475 | Snake:1  | Killed an anaconda
 15786 | Snake:2  | Reached skill level 10 in Dodging
 15828 | Snake:2  | Reached skill level 15 in Maces & Flails
 15949 | Snake:3  | Noticed a salamander tyrant
 15982 | Snake:2  | Killed a salamander tyrant
 15988 | Snake:2  | Noticed an anaconda
 16415 | Snake:1  | Killed an anaconda
 16797 | Snake:4  | Entered Level 4 of the Snake Pit
 17366 | Snake:4  | Noticed an anaconda
 17366 | Snake:4  | Noticed an anaconda
 17380 | Snake:4  | Killed an anaconda
 17380 | Snake:4  | Killed an anaconda
 17381 | Snake:4  | Reached XP level 13. HP: 119/119 MP: 4/12
 17837 | Snake:4  | Reached skill level 16 in Maces & Flails
 17924 | Snake:4  | HP: 8/178 [naga sharpshooter/bolt (7)]
 17929 | Snake:4  | Shot with a bolt by a naga sharpshooter

Illustrated notes

Levels and vault maps discovered:
D:1:      dpeg_arrival_rooms_a, layout_basic, serial_shops,
          nicolae_shop_behind_doors, shop_fountains,
          nicolae_shop_bloodbath_and_beyond, serial_forest,
          infiniplex_forest_clump_long, infiniplex_forest_lined_ring,
          infiniplex_forest_end_1, infiniplex_forest_clump_double,
          infiniplex_forest_straight_3, infiniplex_forest_lined_2,
          infiniplex_forest_lined_2, infiniplex_forest_straight_4,
          minmay_door_square, chequers_serial_rivers_micro_e,
          minmay_misc_feat_more_columns
D:2:      layout_loops_corners, dreamdust_princess_bridge
D:3:      layout_rooms, uniq_crazy_yiuf_cottage, uniq_sigmund, uniq_terence
D:4:      minmay_bubble_buster, layout_loops_ring, serial_bayou_crossing
D:5:      layout_basic, mainiacjoe_overflow_alcove_4, minitemple, serial_shops,
          shop, uniq_menkaure
D:6:      lemuel_insect_pit, layout_rooms, serial_shops, kennysheep_little_box,
          shop_coins
D:7:      layout_gridville, temple_green, amcnicky_mini_rare_corridor_liquid,
          hangedman_abyss_or_decor_passed, kennysheep_generic_room_16
D:8:      layout_basic, lemuel_crystal_altar, xom_butterflies, lair_entry_dummy,
          roderic_cross_of_infinity, hangedman_misty_isle
Lair:1:   layout_roguey, grunt_megastairs_1
Lair:2:   nzn_winding_woodlands_three_and_one [nzn_winding_woodlands_5x15_eye,
          nzn_winding_woodlands_5x15_concentric,
          nzn_winding_woodlands_5x15_sawtooth,
          nzn_winding_woodlands_center_diamonds], layout_gridlike,
          minmay_shoals_entry_centaurs, guppyfry_snake_entry_island,
          nicolae_lair_liquid_snakes
Shoals:1: layout_shoals
Snake:1:  layout_layer_cave, grunt_megastairs_5
Snake:2:  layout_onion, basic_altar, grunt_megastairs_2
Snake:3:  nicolae_snake_hallway, layout_basic, minmay_shop_star, uniq_nikola
Snake:4:  snake_pit_salamanders_mu, layout_cave_town,
          nicolae_snake_gridmaze_squiggle

Skill      XL: |  1  2  3  4  5  6  7  8  9 10 11 12 13 |
---------------+----------------------------------------+-----
Axes           | 4 5 6 |  6.9
Maces & Flails | 1 5 6 9 11 12 13 14 15 16 | 16.0
Fighting       | 4 6 8 10 12 | 12.7
Armour         | 4 6 8 10 12 | 12.4
Dodging        | 3 5 7 9 11 | 11.4

Action                   |  1- 3 |  4- 6 |  7- 9 | 10-12 | 13-15 || total
-------------------------+-------+-------+-------+-------+-------++-------
Melee: Hand axe          |    97 |    28 |       |       |       ||   125
       Headbutt          |     8 |     5 |    14 |    54 |     9 ||    90
       Shillelagh        |       |    40 |   134 |   287 |    29 ||   490
Throw: Dart              |    42 |    17 |     2 |       |       ||    61
Invok: Berserk           |       |     2 |     3 |     8 |     1 ||    14
       Brothers in Arms  |       |       |       |     1 |       ||     1
  Use: Potion            |     3 |     3 |     3 |     5 |       ||    14
       Scroll            |     2 |     3 |     3 |     5 |       ||    13
 Stab: Distracted        |       |       |       |     1 |       ||     1
Armor: Animal skin       |    10 |       |       |       |       ||    10
       Ring mail         |    18 |    34 |     6 |       |       ||    58
       Chain mail        |       |       |    57 |   100 |       ||   157
       Plate armour      |       |       |       |    47 |    24 ||    71
Dodge: Dodged            |    73 |    27 |    35 |   149 |     7 ||   291
Block: Kite shield       |     4 |     9 |    38 |   103 |     9 ||   163

Table legend: (Time is in decaauts)
 A = Elapsed time spent in this place.
 B = Non-inter-level travel time spent in this place.
 C = Inter-level travel time spent in this place.
 D = Time resting spent in this place.
 E = Time spent auto-exploring this place.
 F = Levels seen in this place.
 G = Mean time per level.
                   A        B        C        D        E       F      G
               +--------+--------+--------+--------+--------+-----+--------+
         Total |  18001 |  17751 |    250 |   9779 |   5349 |  15 | 1200.1 |
       Dungeon |  12008 |  11790 |    218 |   5389 |   4764 |   8 | 1501.0 |
          Lair |   3235 |   3203 |     32 |   2259 |    585 |   2 | 1617.5 |
        Shoals |    298 |    298 |      0 |    188 |      0 |   1 |  298.0 |
     Snake Pit |   2459 |   2459 |      0 |   1941 |      0 |   4 |  614.8 |
               +--------+--------+--------+--------+--------+-----+--------+

Top non-repeatable levels by time:
     D:1: 1998 daAuts
     D:4: 1843 daAuts
     D:7: 1819 daAuts
  Lair:1: 1704 daAuts
     D:2: 1585 daAuts
  Lair:2: 1530 daAuts
     D:8: 1463 daAuts
     D:3: 1398 daAuts
     D:6: 1221 daAuts
 Snake:1: 1042 daAuts
 Snake:3: 862 daAuts
     D:5: 677 daAuts
Shoals:1: 298 daAuts
 Snake:4: 294 daAuts
 Snake:2: 260 daAuts
